AoeStats
← Der Sprudel

Arabia

508195439Analyzed
1v1 RM · 11d ago on Sep 21, 2026· 32m 30s· 2 players
Game mode
Random Map
Map size
Tiny (2 player)
Population
200
Speed
Normal
Resources
Standard
Victory
Conquest
Starting age
Dark Age
Ending age
Imperial Age
RankedLock teamsTeams togetherTeam positionsShared explorationLock speedFull tech treeHidden civsTurbo modeCheats
Victory
Defeat
🇦🇺 Spanish · Australia
1269
+16
🇩🇪 Sicilians · Germany
1263
-16
Der Sprudel
8:34 Loom
11:38 Feudal Age
14:29 Double-Bit Axe
16:33 Horse Collar
17:15 Stone Mining
23:24 Fletching
29:11 Castle Age
30:10 Fletching
29:52 Pikeman
31:47 Wheelbarrow
31:37 Bodkin Arrow
Wlock
5:47 Loom
13:57 Feudal Age
16:33 Town Watch
18:56 Castle Age
16:56 Gold Mining
17:46 Horse Collar
18:03 Double-Bit Axe
18:56 Stone Mining
20:32 Bow Saw
27:27 Heavy Plow
28:46 Wheelbarrow
28:35 Husbandry
31:38 Hand Cart
Connection lost

Rejoining the realm…

Still unreachable

The connection could not be restored.

Session expired

The server has moved on; the page needs a fresh start.